 Dungeon Crawl Stone Soup version 0.18-a0-1361-g9293dd1 (webtiles) character file.

681 Kidiri the Slasher (level 7, -2/52 HPs)
             Began as a Demonspawn Gladiator on Feb 20, 2016.
             Slain by a gnoll
             ... wielding a +0 spear
              (6 damage)
             ... on level 4 of the Dungeon.
             The game lasted 00:12:52 (4745 turns).

Kidiri the Slasher (Demonspawn Gladiator)           Turns: 4745, Time: 00:12:52

Health: -2/52      AC:  3    Str: 17    XL:     7   Next: 34%
Magic:  9/9        EV: 17    Int:  9    God:
Gold:   233        SH:  0    Dex: 16    Spells: 3 memorised, 3 levels left

rFire  x . .     SeeInvis .     a - +1 long sword
rCold  + + .     Gourm    .     t - +0 leather armour {rC+}
rNeg   . . .     Faith    .     (no shield)
rPois  .         Spirit   .     (helmet restricted)
rElec  .         Dismiss  .     (no cloak)
rCorr  .         Reflect  .     (no gloves)
SustAt .         Harm     .     (no boots)
MR     .....                    (no amulet)
Stlth  +.........               (no ring)
                                m - ring of ice

@: glowing, repel missiles, not resistant to hostile enchantments, very
unstealthy
A: horns 1, repulsion field 3, agile 1, powered by death 1, MP-powered wands
a: no special abilities


You were on level 4 of the Dungeon.
You were not hungry.

You visited 1 branch of the dungeon, and saw 4 of its levels.

You collected 233 gold pieces.

Inventory:

Hand Weapons
 a - a +1 long sword (weapon)
Missiles
 d - 3 throwing nets (quivered)
Armour
 k - a +0 ring mail
 t - a +0 leather armour of cold resistance (worn)
Jewellery
 m - a ring of ice (left hand)
Wands
 l - a wand of digging (10/24)
 o - a wand of teleportation (8/9)
Scrolls
 c - a scroll of fog
 e - 3 scrolls of recharging
 n - a scroll of remove curse
 s - a scroll of immolation
 u - 2 scrolls of magic mapping
Potions
 g - 2 potions of ambrosia
 j - a potion of cure mutation
 p - a potion of lignification
 q - 4 potions of brilliance
 r - a potion of flight
Books
 v - a book of Air

   Spells                             Type                      Level
   a - Shock                          Conjuration/Air              1
   b - Swiftness                      Charms/Air                   2
   c - Repel Missiles                 Charms/Air                   2
   d - Static Discharge               Conjuration/Air              3
   e - Lightning Bolt                 Conjuration/Air              5
Comestibles
 b - a meat ration
 f - a bread ration
 h - a fruit
 i - 2 beef jerkies
 w - a chunk of flesh


   Skills:
 + Level 3.1 Fighting
 * Level 4.4 Long Blades
 + Level 3.3 Throwing
 * Level 3.0 Armour
 + Level 3.7 Dodging
 * Level 1.5 Spellcasting
 + Level 1.1 Conjurations
 + Level 1.2 Charms
 + Level 0.6 Air Magic
 - Level 0.4 Evocations


You had 3 spell levels left.
You knew the following spells:

 Your Spells              Type           Power        Failure   Level  Hunger
a - Shock                 Conj/Air       #...         34%         1    ##.....
b - Swiftness             Chrm/Air       #.......     50%         2    ###....
c - Static Discharge      Conj/Air       #.......     87%         3    ####...


Dungeon Overview and Level Annotations

Branches:
Dungeon (4/15)
 Temple: D:4-7

Altars:
Ashenzari
Qazlal
Trog
Yredelemnul


Innate Abilities, Weirdness & Mutations

You have a pair of small horns on your head.
You are surrounded by a strong repulsion field (EV +4, rMsl).
You regenerate a little health from kills.
You are agile. (Dex +2)
You expend magic power (3 MP) to strengthen your wands.


Message History

The gnoll shaman utters an invocation to its god.
The gnoll shaman is healed somewhat.
You hit the gnoll shaman but do no damage.
The gnoll shaman is heavily wounded.
The gnoll barely misses you. x2
The gnoll shaman calls down the wrath of its god upon you.
You are outlined in light.
Unknown command.
You barely miss the gnoll shaman.
The gnoll shaman is heavily wounded.
The gnoll misses you. The gnoll shaman hits you with a whip!
* * * LOW HITPOINT WARNING * * *
The gnoll hits you from afar with a spear!
* * * LOW HITPOINT WARNING * * *
Unknown command.
The gnoll barely misses you.
The gnoll hits you from afar with a spear.
* * * LOW HITPOINT WARNING * * *
The gnoll hits you from afar with a spear.
You die...

#.....#............# #..
#.....##...##############..
########..=#...............
#......#...#...............
#......#...#...............
#......#...'.............##
#..#'#######.............#
###......................#
#.......@..............#
#.......g...(..........#
#........g.......<.....#
#######......................#
##.....##########.............#
#..........<....#.............#
###...........g..#..........####
.##..............#..........#
.#...............#).........#


You could see a gnoll shaman and a gnoll.

Vanquished Creatures
  2 ogres
  A giant frog (D:4)
  A centaur skeleton (D:4)
  An orc priest (D:4)
  Jessica (D:2)
  2 iguanas
  An orc wizard (D:4)
  A worker ant (D:4)
  9 gnolls
  6 adders
  3 oozes
  4 worms
  7 orcs
  A ball python (D:1)
  5 giant cockroaches
  10 hobgoblins
  10 jackals
  4 kobolds
  A quokka (D:4)
  11 bats
  5 giant newts
  13 goblins
  14 rats
113 creatures vanquished.

Notes
Turn   | Place    | Note
--------------------------------------------------------------
     0 | D:1      | Kidiri the Demonspawn Gladiator began the quest for the Orb.
     0 | D:1      | Reached XP level 1. HP: 16/16 MP: 1/1
   424 | D:1      | Gained mutation: You are surrounded by a mild repulsion field (EV +2). [demonic ancestry]
   424 | D:1      | Reached XP level 2. HP: 22/22 MP: 2/2
   617 | D:1      | Reached skill level 1 in Armour
  1057 | D:1      | Reached skill level 3 in Long Blades
  1061 | D:1      | Gained mutation: You are surrounded by a moderate repulsion field (EV +3). [demonic ancestry]
  1061 | D:1      | Reached XP level 3. HP: 26/28 MP: 3/3
  2022 | D:2      | Gained mutation: You expend magic power (3 MP) to strengthen your wands. [potion of mutation]
  2022 | D:2      | Gained mutation: You are agile. (Dex +2) [potion of mutation]
  2022 | D:2      | Gained mutation: You are surrounded by a strong repulsion field (EV +4, rMsl). [potion of mutation]
  2249 | D:2      | Gained mutation: You regenerate a little health from kills. [demonic ancestry]
  2249 | D:2      | Reached XP level 4. HP: 34/34 MP: 4/4
  2255 | D:2      | Noticed Jessica
  2263 | D:2      | Killed Jessica
  2778 | D:3      | Reached XP level 5. HP: 34/39 MP: 5/5
  2798 | D:3      | Noticed an ogre
  2807 | D:3      | Killed an ogre
  3028 | D:3      | Found a stormy altar of Qazlal.
  3029 | D:3      | Found a bloodstained altar of Trog.
  3098 | D:3      | Found a shattered altar of Ashenzari.
  3106 | D:3      | Reached skill level 4 in Long Blades
  3210 | D:3      | Gained mutation: You have a pair of small horns on your head. [demonic ancestry]
  3210 | D:3      | Reached XP level 6. HP: 44/46 MP: 6/6
  3256 | D:3      | Found a basalt altar of Yredelemnul.
  3528 | D:3      | Learned a level 1 spell: Shock
  3531 | D:3      | Learned a level 2 spell: Swiftness
  3706 | D:4      | Reached skill level 1 in Spellcasting
  3877 | D:4      | Reached XP level 7. HP: 25/52 MP: 8/8
  4004 | D:3      | Reached skill level 1 in Conjurations
  4199 | D:3      | Learned a level 3 spell: Static Discharge
  4477 | D:4      | Reached skill level 1 in Charms
  4745 | D:4      | Slain by a gnoll

Vault maps used:
D:1:      onia_arrival_mini_maze, hangedman_abyss_or_decor_stabs
D:2:      minmay_surrounded, uniq_jessica
D:3:      nicolae_overflow_crystal_walls, lemuel_coloured_pillars_altar,
          gammafunk_temple_overflow_statue
D:4:      kennysheep_generic_room_3

Action                   |  1- 3 |  4- 6 |  7- 9 || total
-------------------------+-------+-------+-------++-------
Melee: Long sword        |   151 |   162 |    56 ||   369
 Cast: Shock             |       |       |     1 ||     1
  Use: Scroll            |     7 |    10 |     1 ||    18
       Potion            |     1 |       |       ||     1
 Stab: Sleeping          |     2 |       |       ||     2
  Eat: Chunk             |     4 |     6 |     3 ||    13
